 Dungeon Crawl Stone Soup version 0.21-a0-404-g291f19a (webtiles) character file.

313 ohad the Changer (level 6, -1/43 HPs)
             Began as a Demonspawn Transmuter on Oct 31, 2017.
             Was an Initiate of Makhleb.
             Slain by an unseen horror (5 damage)
             ... on level 7 of the Dungeon.
             The game lasted 00:07:38 (3555 turns).

ohad the Changer (Demonspawn Transmuter)            Turns: 3555, Time: 00:07:38

Health: -1/43      AC:  3    Str: 12    XL:     6   Next: 19%
Magic:  0/9        EV: 12    Int: 14    God:    Makhleb [......]
Gold:   154        SH:  0    Dex: 14    Spells: 0/10 levels left

rFire    . . .     SeeInvis .   i - +4 dagger
rCold    . . .     Gourm    +   (no shield)
rNeg     . . .     Faith    .   e - +0 leather armour
rPois    .         Spirit   +   (helmet restricted)
rElec    .         Reflect  .   (no cloak)
rCorr    .         Harm     .   (no gloves)
MR       .....                  (no boots)
Stlth    +.........             s - amulet of the gourmand
HPRegen  0.14/turn              (no ring)
MPRegen  0.11/turn              (no ring)

@: hasted, very quick
A: hooves 2, horns 1, magic shield
a: Renounce Religion


You were on level 7 of the Dungeon.
You worshipped Makhleb.
Makhleb was noncommittal.
You were completely stuffed.

You visited 1 branch of the dungeon, and saw 5 of its levels.

You collected 154 gold pieces.

Inventory:

Hand Weapons
 i - a +4 dagger (weapon)
 B - a +0 falchion of venom
Missiles
 a - 51 arrows
 j - 4 poisoned needles
 w - 13 tomahawks (quivered)
Armour
 b - a +0 robe
 e - a +0 leather armour (worn)
 l - a +0 ring mail
 q - a +0 scale mail
 x - a cursed +0 chain mail
 y - a +0 shield
Jewellery
 s - an amulet of the gourmand (around neck)
Scrolls
 h - 5 scrolls of remove curse
 m - a scroll of enchant weapon
 n - 3 scrolls of teleportation
 o - a scroll of recharging
 t - a scroll of immolation
 u - 3 scrolls of amnesia {unknown}
 z - a scroll of fear
 A - a scroll of random uselessness {unknown}
Potions
 p - a potion of curing {unknown}
 r - a potion of invisibility
 v - 2 potions of resistance
 C - a potion of heal wounds
Books
 c - a book of Changes

   Spells                             Type                      Level
   a - Beastly Appendage              Transmutation                1
   b - Sticks to Snakes               Transmutation                2
   c - Spider Form                    Transmutation/Poison         3
   d - Ice Form                       Ice/Transmutation            4
   e - Blade Hands                    Transmutation                5
Comestibles
 d - 2 bread rations
 f - a royal jelly
 k - a meat ration


   Skills:
 - Level 1.0 Fighting
 - Level 1.7 Dodging
 - Level 3.7 Unarmed Combat
 - Level 2.6 Spellcasting
 - Level 5.1 Transmutations


You couldn't memorise any spells.
You knew the following spells:

 Your Spells              Type           Power        Failure   Level  Hunger
a - Beastly Appendage     Tmut           ###...       3%          1    #......
b - Sticks to Snakes      Tmut           ###.....     5%          2    ###....
c - Spider Form           Tmut/Pois      #.........   30%         3    ###....
d - Ice Form              Ice/Tmut       #.......     69%         4    #####..


Dungeon Overview and Level Annotations

Branches:
Dungeon (4/15)
 Temple: D:4-7

Altars:
Ashenzari
Elyvilon
Gozag
Makhleb
Zin


Innate Abilities, Weirdness & Mutations

You have hoof-like feet.
You have a pair of small horns on your head.
When hurt, damage is shared between your health and your magic reserves.


Message History

You hit the iguana but do no damage.
You hear a shout!
Something hits you. x2; The iguana bites you.
You hit the iguana but do no damage. Your kick misses the iguana.
Your headbutt misses the iguana. Something hits you.
Something hits you but does no damage.
You hit the iguana. Your kick misses the iguana.
The iguana is lightly wounded.
Something hits you!
The iguana bites you but does no damage.
You closely miss the iguana. Your kick misses the iguana.
The iguana is lightly wounded.
Something hits you but does no damage. The iguana bites you.
* * * LOW HITPOINT WARNING * * *
You hit the iguana. Your kick misses the iguana.
The iguana is lightly wounded.
Something hits you!
* * * LOW HITPOINT WARNING * * *
The gnoll hits you but does no damage. Something hits you.
You die...

### ..#
#.# ...
#.# #l#
#@#
#....g.#
#.#.#.#.#
......
#.# #.#
... ...
... ...
## ...


You could see an iguana and a gnoll.

Vanquished Creatures
  A hound (D:3)
  2 orc priests (D:3)
  3 worker ants (D:4)
  6 adders
  3 gnolls (D:3)
  An ooze (D:2)
  3 dart slugs (D:2)
  A leopard gecko (D:1)
  8 orcs
  2 bats
  3 giant cockroaches
  10 goblins
  7 hobgoblins
  A quokka (D:2)
  A ball python (D:2)
  3 frilled lizards (D:1)
  4 kobolds
  2 quokka skeletons
  4 rats
65 creatures vanquished.

Notes
Turn   | Place    | Note
-------+----------+-------------------------------------------
     0 | D:1      | ohad the Demonspawn Transmuter began the quest for the Orb.
     0 | D:1      | Reached XP level 1. HP: 15/15 MP: 3/3
    68 | D:1      | Reached skill level 2 in Transmutations
   164 | D:1      | Gained mutation: You have large cloven feet. [demonic ancestry]
   164 | D:1      | Reached XP level 2. HP: 19/21 MP: 5/5
   171 | D:1      | Learned a level 2 spell: Sticks to Snakes
   655 | D:2      | Gained mutation: You have hoof-like feet. [demonic ancestry]
   655 | D:2      | Reached XP level 3. HP: 22/26 MP: 6/6
   753 | D:2      | Learned a level 3 spell: Spider Form
   868 | D:2      | Reached skill level 3 in Transmutations
   868 | D:2      | Reached XP level 4. HP: 20/32 MP: 5/7
   994 | D:2      | Found a white marble altar of Elyvilon.
  1865 | D:3      | Reached skill level 4 in Transmutations
  1865 | D:3      | Gained mutation: You have a pair of small horns on your head. [demonic ancestry]
  1865 | D:3      | Reached XP level 5. HP: 33/37 MP: 4/8
  2174 | D:3      | Found a burning altar of Makhleb.
  2624 | D:3      | Found an opulent altar of Gozag.
  2624 | D:3      | Found a glowing silver altar of Zin.
  2708 | D:3      | Became a worshipper of Makhleb the Destroyer
  2799 | D:4      | Reached skill level 5 in Transmutations
  3062 | D:4      | Found a shattered altar of Ashenzari.
  3068 | D:4      | Gained mutation: When hurt, damage is shared between your health and your magic reserves. [demonic ancestry]
  3068 | D:4      | Reached XP level 6. HP: 35/43 MP: 9/9
  3463 | D:4      | Learned a level 4 spell: Ice Form
  3547 | D:4      | You fall through a shaft for 3 floors!
  3555 | D:7      | Slain by an unseen horror

Vault maps used:
D:1:      dpeg_arrival_connections
D:2:      elyvilon_altar_1
D:3:      grunt_temple_overflow_gold_and_silver, hangedman_feature_mirror,
          minmay_misc_feat_four_crosses, makhleb_heckhound_becter
D:4:      kennysheep_mini_moat, cheibriados_altar_1
D:7:      nicolae_overflow_crystal_walls, old_standard_altar,
          minmay_temple_entry_nine_rooms, basic_altar, uniq_menkaure

Skill      XL: |  1  2  3  4  5 |
---------------+----------------+-----
Transmutations | 2 3 4 5 |  5.1
Unarmed Combat | 3 |  3.7
Fighting       | |  1.0
Dodging        | |  1.7
Spellcasting   | |  2.6

Action                   |  1- 3 |  4- 6 || total
-------------------------+-------+-------++-------
Melee: Dagger            |    78 |    95 ||   173
       Unarmed           |     9 |    29 ||    38
       Kick              |    14 |    20 ||    34
       Headbutt          |     7 |    18 ||    25
       Punch             |       |     1 ||     1
 Cast: Beastly Appendage |    14 |     5 ||    19
       Spider Form       |       |     4 ||     4
       Sticks to Snakes  |       |     2 ||     2
  Use: Scroll            |       |    11 ||    11
       Potion            |       |     1 ||     1
 Stab: Distracted        |       |     1 ||     1
  Eat: Chunk             |       |    21 ||    21
Armor: Leather armour    |     8 |    15 ||    23
       Robe              |     3 |       ||     3
       Ring mail         |    10 |       ||    10
       Skin              |       |     2 ||     2
Dodge: Dodged            |    49 |    55 ||   104

Table legend:
 A = Spawn XP
 B = Non-spawn XP
 C = Spawn XP percentage of total XP
 D = Spawn monster count
 E = Non-spawn monster count
 F = Spawn count percentage of total count
 G = Total turns spent on level
                    A         B        C        D         E        F      G
               +---------+---------+-------+---------+---------+-------+---------
         Total |       0 |     448 |   0.0 |       0 |      65 |   0.0 |  3555
               +---------+---------+-------+---------+---------+-------+---------
           D:1 |       0 |      26 |   0.0 |       0 |      16 |   0.0 |   608
           D:2 |       0 |      91 |   0.0 |       0 |      19 |   0.0 |   706
           D:3 |       0 |     218 |   0.0 |       0 |      23 |   0.0 |  1402
           D:4 |       0 |     113 |   0.0 |       0 |       7 |   0.0 |   831
               +---------+---------+-------+---------+---------+-------+---------
